 Seeded DCSS version 0.29-a0-1023-g6ae1a4a2c7 (webtiles) character file.

Game seed: 6155037152212704371 (custom seed)

26 mathmaestro the Grave Robber (level 2, -3/21 HPs)
             Began as a Demonspawn Necromancer on Aug 11, 2022.
             Killed from afar by Sigmund (10 damage)
             ... with a puff of flame
             ... on level 3 of the Dungeon.
             The game lasted 00:05:00 (2824 turns).

mathmaestro the Grave Robber (DsNe)                 Turns: 2824, Time: 00:05:00

Health: -3/21      AC:  4    Str:  8    XL:     2   Next: 89%
Magic:  5/5        EV: 11    Int: 16    God:
Gold:   79         SH:  0    Dex: 13    Spells: 4/5 levels left

rFire   . . .      SeeInvis .   k - +0 dagger (venom)
rCold   . . .      Faith    .   g - +0 buckler
rNeg    . . .      Spirit   .   u - +0 leather armour
rPois   .          Reflect  .   (no helmet)
rElec   .          Harm     .   j - +0 cloak
rCorr   .          Rampage  .   (no gloves)
Will    .....                   (no boots)
Stlth   +.........              (no amulet)
HPRegen 0.07/turn               (no ring)
MPRegen 0.18/turn               (no ring)

@: confused
A: magic regeneration
a: no special abilities


You were on level 3 of the Dungeon.
You visited 1 branch of the dungeon, and saw 3 of its levels.

You collected 115 gold pieces.
You spent 36 gold pieces at shops.

Inventory:

Hand Weapons
 d - a +0 hand axe
 k - a +0 dagger of venom (weapon)
 s - a +0 dagger of distortion
Armour
 g - a +0 buckler (worn)
 j - a +0 cloak (worn)
 u - a +0 leather armour (worn)
Scrolls
 a - a scroll of enchant weapon {unknown}
 c - a scroll of teleportation {unknown}
 e - a scroll of vulnerability {unknown}
 f - 2 scrolls of silence {unknown}
 l - a scroll of poison {unknown}
 m - a scroll of amnesia {unknown}
 o - a scroll of fear {unknown}
 p - 2 scrolls of magic mapping {unknown}
 q - a scroll of identify {unknown}
Potions
 b - a potion of magic
 h - a potion of degeneration {unknown}
 i - a potion of attraction {unknown}
 n - 2 potions of haste {unknown}
 r - a potion of brilliance {unknown}
 t - 2 potions of curing


   Skills:
 + Level 1.0 Fighting
 + Level 0.0 Armour
 - Level 2.0 Dodging
 - Level 2.0 Stealth
 + Level 0.7 Shields
 + Level 2.2 Spellcasting
 + Level 4.6 Necromancy


You had 4 spell levels left.
You knew the following spells:

 Your Spells              Type           Power      Damage    Failure   Level
a - Necrotise             Necr           64%        1d7       6%          1

Your spell library contained the following spells:

 Spells                   Type           Power      Damage    Failure   Level
 Vampiric Draining        Necr           16%        2d7       19%         3
 Magic Dart               Conj           4%         1d3       38%         1
 Summon Small Mammal      Summ           4%         N/A       38%         1
 Call Imp                 Summ           1%         N/A       52%         2
 Animate Dead             Necr           16%        N/A       52%         4
 Call Canine Familiar     Summ           1%         N/A       77%         3
 Mephitic Cloud           Conj/Pois/Air  1%         N/A       77%         3
 Summon Guardian Golem    Hex/Summ       1%         N/A       77%         3
 Agony                    Necr           16%        N/A       86%         5


Dungeon Overview and Level Annotations

Branches:
Dungeon (3/15)

Altars:

Shops:
D:3 !

Annotations:
D:3 Sigmund


Innate Abilities, Weirdness & Mutations

You regenerate magic rapidly.


Message History

Aim: Sigmund, wielding a +0 scythe and wearing a +0 robe (heavily wounded, very poisoned, chance to affect: 80%) Sigmund writhes in agony!
Sigmund points at you and mumbles some strange words.
You are confused.
Unknown command.
Sigmund hits you but does no damage.
You climb upwards.
There is a stone staircase leading down here.
You start resting.
Your magical contamination has completely faded away.
You start resting.
You feel less confused.
You start resting.
Magic restored.
You start resting.
HP restored.
You climb downwards.
Level annotation: Sigmund Sigmund hits you with a +0 scythe.
There is a stone staircase leading up, spattered with blood here.
You hit Sigmund.
Sigmund is poisoned.
Sigmund is severely wounded.
Sigmund mumbles some strange words.
Sigmund flickers and vanishes!
Deactivating autopickup; reactivate with Ctrl-A.
Something hits you but does no damage.
You are confused.
You bump into the rock wall.
There is an open door here.
You bump into the rock wall.
A magic dart appears from out of thin air!
The magic dart hits you.
You feel less confused. Something hits you!
A magic dart appears from out of thin air!
The magic dart hits you.
You are confused.
A puff of flame appears from out of thin air!
The puff of flame hits you!
You die...

#####.##.......#<..##......:....
#.##...........# ....<......
#.##...#'#....###...........
#.##...#.#.#{...............
#.##...#.......##...........
#.#..†.###.#.#(# ...........
#..........#.#.# ...........
###.#'######.#.# ...........
#.#.#....@.#.# ...........
######.#.#.####.#.# ...........
#......#.#.######.# ...........
#.######.#.##.....# ........ #.#
#.#.##.###.# ........ #.#
#.#....# ### ........ #.#
#.###### ........ #.# #.#
........ ##.# #.# ........


There were no monsters in sight!

Vanquished Creatures
  2 ball pythons
  A bat (D:2)
  2 endoplasms (D:1)
  A giant cockroach (D:1)
  3 hobgoblins
  3 quokkas
  3 goblins
  5 kobolds
  2 rats
22 creatures vanquished.

Vanquished Creatures (collateral kills)
  A kobold (D:2)
1 creature vanquished.

Grand Total: 23 creatures vanquished

Notes
Turn   | Place    | Note
-------+----------+-------------------------------------------
     0 | D:1      | mathmaestro the Demonspawn Necromancer began the quest for
                  | the Orb.
     0 | D:1      | Reached XP level 1. HP: 13/13 MP: 3/3
   472 | D:1      | Gained mutation: You regenerate magic rapidly. [demonic
                  | ancestry]
   472 | D:1      | Reached XP level 2. HP: 20/20 MP: 1/5
  1567 | D:3      | Reached skill level 1 in Fighting
  1649 | D:3      | Found Zojekus's Distillery.
  1670 | D:3      | Bought a potion of curing for 36 gold pieces
  1720 | D:3      | Found a faded altar of an unknown god.
  1754 | D:3      | Identified the +0 pair of boots of the Flute {Harm *Corrode
                  | rElec Regen+}
  1862 | D:3      | Noticed Sigmund
  2242 | D:3      | HP: 1/21 [something (10)]
  2824 | D:3      | Killed from afar by Sigmund

Illustrated notes

Levels and vault maps discovered:
D:1:      amcnicky_arrival_underground_garden, layout_loops_ring
D:2:      layout_loops_cross
D:3:      minmay_spotlight, layout_basic,
          shapermc_ecumenical_altar_starsandcircs, serial_shops, shop,
          uniq_sigmund

Skill      XL: |  1  2 |
---------------+-------+-----
Stealth        | 2 |  2.0
Dodging        | 2 |  2.0
Fighting       | 1 |  1.0
Shields        | |  0.7
Spellcasting   | |  2.2
Necromancy     | |  4.6

Action                   || total
-------------------------++-------
Melee: Dagger            ||    35
 Cast: Necrotise         ||    39
Armor: Leather armour    ||     7
       Robe              ||     5
Dodge: Dodged            ||    22
Block: Buckler           ||     6

Table legend: (Time is in decaauts)
 A = Elapsed time spent in this place.
 B = Non-inter-level travel time spent in this place.
 C = Inter-level travel time spent in this place.
 D = Time resting spent in this place.
 E = Time spent auto-exploring this place.
 F = Levels seen in this place.
 G = Mean time per level.
                   A        B        C        D        E       F      G
               +--------+--------+--------+--------+--------+-----+--------+
         Total |   2828 |   2742 |     86 |    909 |   1383 |   3 |  942.7 |
       Dungeon |   2828 |   2742 |     86 |    909 |   1383 |   3 |  942.7 |
               +--------+--------+--------+--------+--------+-----+--------+

Top non-repeatable levels by time:
     D:2: 1567 daAuts
     D:1: 764 daAuts
     D:3: 496 daAuts
